Map: Dusk Towers

Players

Miszu

  • Race: Protoss Protoss
  • League: Master

GAMETIME - Winner!

  • Race: Zerg Zerg
  • League: Master

VOD

Have the link to the VOD?

Description

Time

  • Played on: April 3, 2016, 10:31 a.m.
  • Length: 7:01
Show
View Real Time Build Order
Export as new Build Order

Miszu Protoss 

Build Orders: 1 Gate Expand 

Get SALT Encoding   

  12  0:02  Probe (Chrono Boost)  
  13  0:12  Probe (Chrono Boost)  
  14  0:20  Pylon  
  14  0:23  Probe (Chrono Boost)  
  15  0:38  Probe (Chrono Boost)  
  15  0:40  Gateway  
  16  0:48  Probe (Chrono Boost)  
  17  1:08  Nexus  
  17  1:15  Probe (Chrono Boost)  
  17  1:17  Assimilator  
  18  1:21  Assimilator  
  19  1:25  Probe (Chrono Boost)  
  19  1:30  Cybernetics Core  
  19  1:36  Probe (Chrono Boost)  
  20  1:41  Pylon  
  20  1:46  Probe (Chrono Boost)  
  21  1:49  Assimilator  
  21  1:57  Probe (Chrono Boost)  
  22  2:07  Probe (Chrono Boost)  
  23  2:08  Adept (Chrono Boost)  
  23  2:14  Warp Gate (Chrono Boost)  
  25  2:18  Probe  
  25  2:19  Probe  
  27  2:29  Probe  
  27  2:36  Adept (Chrono Boost)  
  30  2:39  Mothership Core, Probe  
  33  2:50  Probe  
  34  3:00  Probe  
  34  3:01  Gateway, Probe  
  34  3:03  Gateway  
  36  3:10  Adept (Chrono Boost)  
  36  3:11  Probe  
  39  3:13  Probe  
  40  3:25  Probe  
  41  3:28  Probe  
  40  3:37  Probe  
  40  3:39  Probe  
  42  3:42  Pylon  
  44  3:49  Probe x2  
  44  3:52  Stargate  
  44  3:53  Stargate  
  46  3:56  Assimilator x2  
  46  4:00  Probe (Chrono Boost)  
  46  4:01  Probe (Chrono Boost)  
  46  4:12  Probe (Chrono Boost)  
  46  4:13  Probe (Chrono Boost)  
  46  4:16  Adept x3  
  52  4:23  Probe (Chrono Boost)  
  52  4:24  Probe (Chrono Boost)  
  54  4:36  Nexus  
  54  4:37  Pylon  
  54  4:55  Probe x2 (Chrono Boost), Phoenix x2  
  54  4:56  Robotics Facility  
  54  4:57  Robotics Facility  
  60  5:01  Pylon  
  60  5:02  Pylon  
  60  5:06  Probe x2 (Chrono Boost)  
  62  5:20  Phoenix x2  
  66  5:31  Twilight Council  
  66  5:34  Forge  
  67  5:35  Probe (Chrono Boost)  
  67  5:37  Probe (Chrono Boost)  
  67  5:42  Pylon  
  68  5:45  Phoenix x2  
  72  5:53  Observer  
  75  5:58  Probe x2 (Chrono Boost)  
  75  5:59  Probe (Chrono Boost)  
  78  6:09  Probe x3 (Chrono Boost)  
  81  6:15  Adept, Immortal  
  87  6:19  Probe x2 (Chrono Boost)  
  87  6:20  Immortal, Probe (Chrono Boost)  
  92  6:30  Probe x3 (Chrono Boost)  
  92  6:32  Zealot x2  
  91  6:45  Adept  
  77  6:52  Gateway  
  73  6:55  Gateway  
Show
View Real Time Build Order
Export as new Build Order

GAMETIME Zerg - Winner!

Build Orders: 3 Hatch before Pool 

Get SALT Encoding   

  12  0:01  Drone  
  13  0:09  Drone  
  14  0:18  Overlord  
  14  0:24  Extractor, Drone  
  15  0:36  Drone  
  15  0:37  Drone  
  17  0:53  Hatchery  
  17  0:55  Drone  
  17  1:01  Drone  
  18  1:15  Drone  
  19  1:25  Hatchery  
  19  1:27  Drone  
  19  1:28  Drone  
  20  1:36  Extractor  
  19  1:42  Spawning Pool  
  19  1:44  Drone  
  19  1:49  Drone  
  20  2:00  Drone  
  21  2:06  Drone  
  22  2:10  Overlord  
  22  2:17  Drone  
  22  2:22  Drone  
  24  2:28  Queen x2  
  28  2:32  Drone  
  28  2:33  Drone  
  30  2:37  Queen  
  30  2:44  Metabolic Boost  
  32  2:47  Zergling x2  
  32  2:48  Zergling x2  
  32  2:50  Zergling x2  
  35  2:53  Drone  
  35  2:56  Overlord  
  36  2:59  Drone  
  36  3:01  Drone  
  36  3:04  Drone  
  36  3:05  Drone  
  40  3:09  Overlord  
  40  3:13  Drone  
  40  3:16  Drone  
  41  3:21  Drone  
  41  3:22  Drone  
  41  3:28  Drone  
  41  3:29  Spore Crawler  
  41  3:33  Drone  
  41  3:34  Drone  
  44  3:36  Overlord  
  44  3:38  Extractor, Lair  
  44  3:41  Zergling x4  
  45  3:47  Zergling x6  
  48  3:49  Overlord  
  48  3:54  Overlord  
  48  3:55  Drone  
  49  3:57  Drone  
  49  3:59  Drone  
  49  4:00  Drone  
  52  4:07  Evolution Chamber  
  51  4:10  Roach Warren  
  51  4:12  Drone  
  51  4:14  Drone  
  51  4:15  Drone  
  51  4:16  Drone x2  
  55  4:19  Drone  
  55  4:23  Drone x2  
  56  4:33  Drone  
  56  4:34  Drone x2  
  56  4:36  Extractor, Drone  
  59  4:40  Zerg Missile Weapons Level 1  
  59  4:41  Drone x4  
  59  4:42  Drone x2  
  65  4:50  Overlord  
  65  4:51  Roach x2  
  69  4:56  Drone  
  69  4:57  Drone x2  
  69  4:58  Glial Reconstitution  
  72  5:01  Overlord  
  72  5:02  Overlord  
  72  5:03  Roach  
  72  5:06  Overlord  
  74  5:09  Roach  
  74  5:10  Roach  
  74  5:11  Roach  
  74  5:13  Roach  
  82  5:21  Roach x4  
  89  5:27  Roach  
  89  5:28  Roach x2  
  95  5:29  Overlord x2  
  95  5:31  Overlord  
  95  5:34  Roach  
  97  5:37  Roach  
  97  5:38  Roach x2  
  97  5:41  Roach  
  105  5:45  Overlord x2  
  105  5:47  Zergling x4  
  105  5:48  Zergling x2  
  108  5:54  Zergling x2  
  109  5:59  Zergling x6  
  109  6:00  Zergling x2  
  109  6:02  Zergling x8  
  117  6:04  Spore Crawler  
  117  6:06  Spore Crawler  
  117  6:07  Spore Crawler  
  112  6:12  Hydralisk Den, Drone x3  
  112  6:13  Drone x2  
  112  6:14  Drone  
  115  6:23  Drone x2  
  115  6:25  Drone x2  
  118  6:26  Drone  
  115  6:33  Drone x2  
  115  6:36  Drone x2  
  115  6:37  Drone x2  
  115  6:38  Drone x2  
  115  6:39  Drone x2  
  120  6:46  Drone  
  117  6:50  Extractor  
  117  6:51  Extractor x2  
Tags
 
Add a new tag
Caveats
  • Supply blocks, unpowered buildings, or Contaminate may cause inaccurate times.
  • Supply counts are checked every 10 seconds.